 Dungeon Crawl Stone Soup version 0.21-a0-531-gacddea6 (webtiles) character file.

41 slep the Chopper (level 3, -1/18 HPs)
             Began as a Vine Stalker Gladiator on Dec 14, 2017.
             Slain by an adder (2 damage)
             ... on level 2 of the Dungeon.
             The game lasted 00:02:34 (673 turns).

slep the Chopper (Vine Stalker Gladiator)            Turns: 673, Time: 00:02:36

Health: -1/18      AC:  4    Str: 16    XL:     3   Next: 52%
Magic:  0/4        EV: 13    Int:  8    God:
Gold:   32         SH:  0    Dex: 16    Spells: 2/2 levels left

rFire    . . .     SeeInvis .   a - +0 war axe
rCold    . . .     Gourm    .   (no shield)
rNeg     . . .     Faith    .   b - +0 leather armour
rPois    .         Spirit   +   c - +0 helmet
rElec    .         Reflect  .   (no cloak)
rCorr    .         Harm     .   (no gloves)
MR       .....                  (no boots)
Stlth    +.........             (no amulet)
HPRegen  0.06/turn              (no ring)
MPRegen  0.09/turn              (no ring)

@: lethally poisoned (-1 -> -16)
A: fangs 2, magic shield, antimagic bite, no potion heal 3, rot immunity
a: no special abilities


You were on level 2 of the Dungeon.
You were not hungry.

You visited 1 branch of the dungeon, and saw 2 of its levels.

You collected 32 gold pieces.

Inventory:

Hand Weapons
 a - a +0 war axe (weapon)
Missiles
 d - 3 throwing nets (quivered)
Armour
 b - a +0 leather armour (worn)
 c - a +0 helmet (worn)
Scrolls
 e - 2 scrolls of remove curse {unknown}
 i - a scroll of identify {unknown}
Potions
 g - a potion of magic {unknown}
 h - 2 potions of curing {unknown}
Comestibles
 f - 2 bread rations


   Skills:
 + Level 2.0 Fighting
 + Level 3.4 Axes
 + Level 1.8 Throwing
 + Level 0.2 Armour
 + Level 2.8 Dodging


You had 2 spell levels left.
You didn't know any spells.

Dungeon Overview and Level Annotations

Branches:
Dungeon (2/15)

Altars:


Innate Abilities, Weirdness & Mutations

You have extremely sharp teeth.
When hurt, damage is shared between your health and your magic reserves.
Your bite disrupts and absorbs the magic of your enemies.
Potions cannot restore your health.
You are immune to rotting.


Message History

You feel sick. The adder bites you but does no damage.
The adder completely misses you.
You miss the adder.
The adder is moderately wounded.
The adder barely misses you. The adder bites you.
* * * LOW HITPOINT WARNING * * *
You are more poisoned.
The adder poisons you!
You closely miss the adder.
The adder is moderately wounded.
* * * LOW HITPOINT WARNING * * *
You feel sick. The adder barely misses you.
You closely miss the adder.
The adder is moderately wounded.
* * * LOW HITPOINT WARNING * * *
You feel sick. The adder bites you.
* * * LOW HITPOINT WARNING * * *
You are more poisoned.
The adder poisons you! The adder bites you.
You die...

...... ###.##
......###....#####
..................
....!..##.......#
.......<.#......##
.................#
######.#...#...$.####
#.##...........#...
#.....(((..@S......
##.....#..†#†..#.#.
#.....###.........
#...."# .......#..
#.....##.##.....?#
#.....##. .....##
#.....### .......
#.....# .....#.
#......


You could see an adder.

Vanquished Creatures
  A dart slug (D:1)
  A leopard gecko (D:2)
  3 giant cockroaches
  6 hobgoblins (D:1)
  5 jackals
  4 kobolds
  5 bats
  2 frilled lizards (D:1)
  4 goblins (D:1)
  3 rats (D:1)
34 creatures vanquished.

Notes
Turn   | Place    | Note
-------+----------+-------------------------------------------
     0 | D:1      | slep the Vine Stalker Gladiator began the quest for the Orb.
     0 | D:1      | Reached XP level 1. HP: 11/11 MP: 2/2
   104 | D:1      | Reached XP level 2. HP: 7/15 MP: 3/3
   110 | D:1      | Reached skill level 3 in Axes
   443 | D:1      | Reached XP level 3. HP: 18/18 MP: 4/4
   673 | D:2      | Slain by an adder

Vault maps used:
D:1:      dpeg_arrival_solitude
D:2:      kennysheep_the_goblin_king, minmay_crystal_water, minmay_heptomino_o4

Skill      XL: |  1  2  3 |
---------------+----------+-----
Axes           | 3 |  3.4
Fighting       | 2 |  2.0
Throwing       | |  1.8
Armour         | |  0.2
Dodging        | |  2.8

Action                   || total
-------------------------++-------
Melee: War axe           ||    73
       Bite              ||    18
Armor: Leather armour    ||    32
Dodge: Dodged            ||    78

Table legend:
 A = Spawn XP
 B = Non-spawn XP
 C = Spawn XP percentage of total XP
 D = Spawn monster count
 E = Non-spawn monster count
 F = Spawn count percentage of total count
 G = Total turns spent on level
                    A         B        C        D         E        F      G
               +---------+---------+-------+---------+---------+-------+---------
         Total |       0 |      59 |   0.0 |       0 |      34 |   0.0 |   673
               +---------+---------+-------+---------+---------+-------+---------
           D:1 |       0 |      45 |   0.0 |       0 |      26 |   0.0 |   645
           D:2 |       0 |      14 |   0.0 |       0 |       8 |   0.0 |    28
               +---------+---------+-------+---------+---------+-------+---------
